[Event "Belt and Road Women 2024"]
[Site "Yuecheng Shaoxing"]
[Date "2024.07.26"]
[Round "3.2"]
[White "Tan, Zhongyi"]
[Black "Zhai, Mo"]
[Result "1-0"]
[ECO "C65"]
[WhiteElo "2540"]
[BlackElo "2348"]
[Annotator "TA"]
[PlyCount "69"]
[EventDate "2024.08.01"]
[EventType "swiss"]
[EventCountry "CHN"]
[SourceTitle "playchess.com"]
[Source "ChessBase"]
[SourceQuality "1"]
[TimeControl "5400+30"]

1. e4 e5 2. Nf3 Nc6 3. Bb5 Nf6 4. d3 Bc5 5. Bxc6 dxc6 6. Nbd2 (6. Nxe5 $2 {too greedy.} Qd4 7. Be3 Qxe5 $19) 6... Nd7 7. O-O O-O 8. Nc4 {[%emt 0:00:11] The position is equal.} Re8 9. a4 a5 10. Kh1 b6 11. Be3 Bf8 12. b3 Ba6 13. Nfd2 Nc5 14. Qh5 g6 15. Qh3 Qe7 16. Bh6 (16. f4 {looks sharper.} exf4 17. Rxf4 Bg7 18. Raf1) 16... f6 17. f4 exf4 $1 18. Rxf4 Bxh6 19. Qxh6 Ne6 {[%emt 0:00:39][%cal Oa6c4] ...Bxc4! would now be deadly.} 20. Rf2 Qg7 21. Qh3 {[%emt 0:13:43] Threatens to win with Raf1.} Bxc4 22. bxc4 {[%emt 0:03:04] Black must now prevent Raf1.} Re7 23. Raf1 Rf8 24. g4 Ref7 25. Nf3 Nc5 26. Qh4 Nxa4 27. Nd4 Re8 {[%emt 0:02:23] Dodges Ne6} 28. Nxc6 {[%emt 0:01:57][%cal Oe4e5] Strongly threatening e5!} Rff8 $1 {[%emt 0:00:29] [#]} 29. e5 g5 $11 30. Qh5 $36 {[%emt 0:00:05][%mdl 2048] White is pushing.} fxe5 31. Rf5 h6 $2 {[%emt 0:00:22][%mdl 8192] [#]} (31... Nc5 $11) 32. Nxe5 $1 $18 Rxf5 (32... Qxe5 33. Rxe5) 33. Qxe8+ {[%emt 0:00:07] White mates.} Rf8 {[%emt 0:00:06] Black is weak on the light squares} 34. Rxf8+ (34. Qxa4 {gets mated.} Rxf1+ 35. Kg2 Qf8) 34... Qxf8 35. Qe6+ {[%emt 0:00:04] Weighted Error Value: White=0.10 (very precise) /Black=0.49.  Loses game:     	---       	Black=1      Mistake:       	White=1     	---        Inaccurate:     	White=2     	Black=3      OK:         	White=6     	Black=13     Best:        	White=1     	Black=1      Strong:       	---       	Black=2} (35. Qxa4 $2 Qf1#) 1-0

[Event "Belt and Road Women 2024"]
[Site "Yuecheng Shaoxing"]
[Date "2024.07.26"]
[Round "3.3"]
[White "Wagner, Dinara"]
[Black "Ni, Shiqun"]
[Result "1/2-1/2"]
[ECO "D27"]
[WhiteElo "2454"]
[BlackElo "2352"]
[Annotator "RC"]
[PlyCount "67"]
[EventDate "2024.08.01"]
[EventType "swiss"]
[EventCountry "CHN"]
[SourceTitle "playchess.com"]
[Source "ChessBase"]
[SourceQuality "1"]
[TimeControl "5400+30"]

1. d4 d5 2. c4 dxc4 3. Nf3 Nf6 4. e3 e6 5. Bxc4 c5 6. O-O a6 7. e4 b5 8. Be2 Nxe4 9. a4 b4 10. Nbd2 Bb7 11. Nxe4 Bxe4 12. Be3 cxd4 13. Nxd4 Nc6 14. Bf3 Bxf3 15. Qxf3 Nxd4 16. Bxd4 Qd5 17. Qxd5 exd5 18. Rfe1+ Kd7 19. Re5 f6 20. Rxd5+ Kc6 21. Rh5 Bd6 22. Kf1 h6 23. Rc1+ Kb7 24. Rd5 Rhd8 25. h3 Bc7 26. Rxd8 Rxd8 27. Rc4 a5 28. Ke2 Bb6 29. Bxb6 Kxb6 30. g4 Re8+ 31. Kd2 Rd8+ 32. Ke2 Re8+ 33. Kd2 Rd8+ 34. Ke2 1/2-1/2

[Event "Belt and Road Women 2024"]
[Site "Yuecheng Shaoxing"]
[Date "2024.07.26"]
[Round "3.4"]
[White "Badelka, Olga"]
[Black "Yan, Tianqi"]
[Result "1/2-1/2"]
[ECO "E51"]
[WhiteElo "2389"]
[BlackElo "2306"]
[Annotator "RC"]
[PlyCount "69"]
[EventDate "2024.08.01"]
[EventType "swiss"]
[EventCountry "CHN"]
[SourceTitle "playchess.com"]
[Source "ChessBase"]
[SourceQuality "1"]
[TimeControl "5400+30"]

1. d4 Nf6 2. c4 e6 3. Nc3 Bb4 4. e3 O-O 5. Bd2 d5 6. Nf3 Re8 7. Bd3 dxc4 8. Bxc4 a6 9. a3 Bf8 10. Rc1 c5 11. O-O b5 12. Ba2 cxd4 13. exd4 Bb7 14. Bg5 Be7 15. Re1 Nbd7 16. Bb1 Qb6 17. Be3 Qd6 18. Ng5 h6 19. Nge4 Nxe4 20. Bxe4 Bxe4 21. Nxe4 Qd5 22. Nc3 Qd6 23. d5 Rad8 24. dxe6 Qxe6 25. Bf4 Nc5 26. Rxe6 Rxd1+ 27. Rxd1 Nxe6 28. Be3 Bf6 29. Kf1 Bxc3 30. bxc3 Rc8 31. Rd6 a5 32. Rd3 Rc4 33. Ke1 b4 34. cxb4 axb4 35. axb4 1/2-1/2

[Event "Belt and Road Women 2024"]
[Site "Yuecheng Shaoxing"]
[Date "2024.07.26"]
[Round "3.5"]
[White "Xiao, Yiyi"]
[Black "Velpula Sarayu"]
[Result "0-1"]
[ECO "A49"]
[WhiteElo "2338"]
[BlackElo "2384"]
[Annotator "RC"]
[PlyCount "78"]
[EventDate "2024.08.01"]
[EventType "swiss"]
[EventCountry "CHN"]
[SourceTitle "playchess.com"]
[Source "ChessBase"]
[SourceQuality "1"]
[TimeControl "5400+30"]

1. d4 Nf6 2. Nf3 g6 3. g3 Bg7 4. Bg2 O-O 5. O-O d6 6. b3 c5 7. c4 d5 8. Bb2 dxc4 9. bxc4 cxd4 10. Nxd4 Qb6 11. Qb3 Nfd7 12. e3 Nc6 13. Qxb6 Nxb6 14. Nd2 Nxd4 15. Bxd4 Rd8 16. Bxg7 Kxg7 17. Nb3 Nxc4 18. Rfc1 Nd6 19. Rc7 Kf8 20. Rac1 Rb8 21. Na5 Be6 22. a3 Rd7 23. Rxd7 Bxd7 24. Rc7 Bc8 25. Rc1 Be6 26. Rb1 Bf5 27. e4 Bxe4 28. Bxe4 Nxe4 29. Nc6 Rc8 30. Nxa7 Rc2 31. Rxb7 Nxf2 32. h4 e5 33. a4 Ng4 34. Nb5 e4 35. a5 e3 36. Nd4 Ra2 37. Rb8+ Kg7 38. Nb3 Rb2 39. a6 e2 0-1

[Event "Belt and Road Women 2024"]
[Site "Yuecheng Shaoxing"]
[Date "2024.07.26"]
[Round "3.6"]
[White "Velikic, Adela"]
[Black "Mammadzada, Gunay"]
[Result "0-1"]
[ECO "A14"]
[WhiteElo "2290"]
[BlackElo "2444"]
[Annotator "RC"]
[PlyCount "110"]
[EventDate "2024.08.01"]
[EventType "swiss"]
[EventCountry "CHN"]
[SourceTitle "playchess.com"]
[Source "ChessBase"]
[SourceQuality "1"]
[TimeControl "5400+30"]

1. Nf3 d5 2. g3 Nf6 3. Bg2 e6 4. O-O Be7 5. c4 O-O 6. b3 c5 7. cxd5 Nxd5 8. Bb2 Nc6 9. Nc3 Bf6 10. Qc1 b6 11. Ne4 Bxb2 12. Qxb2 Ba6 13. d3 Rc8 14. Rfc1 Qe7 15. a3 Rc7 16. Ne5 Nxe5 17. Qxe5 Rfc8 18. Nd2 h6 19. Nc4 b5 20. Nd2 f6 21. Qh5 Bb7 22. Rc2 f5 23. Rac1 Nf6 24. Qh3 Bxg2 25. Qxg2 Qd6 26. Qf3 Kh7 27. Kf1 a6 28. Qf4 Qd5 29. Kg1 Rc6 30. a4 g5 31. Qf3 Qd4 32. axb5 axb5 33. Ra2 g4 34. Qe3 Nd5 35. Ra7+ Kg6 36. Qxd4 cxd4 37. Rxc6 Rxc6 38. Kg2 Rc2 39. Nf1 Rxe2 40. Rb7 Ne3+ 41. Nxe3 dxe3 42. Rxb5 Rxf2+ 43. Kg1 Kf6 44. d4 Rb2 45. Kf1 Rxh2 46. d5 Rf2+ 47. Ke1 exd5 48. Rxd5 Rf3 49. b4 Rxg3 50. b5 Rg1+ 51. Ke2 f4 52. Rd8 Rb1 53. Rd6+ Kg5 54. b6 Rb2+ 55. Ke1 f3 0-1

[Event "Belt and Road Women 2024"]
[Site "Yuecheng Shaoxing"]
[Date "2024.07.26"]
[Round "3.7"]
[White "Wang, Qinxuanyi"]
[Black "Shuvalova, Polina"]
[Result "1/2-1/2"]
[ECO "D24"]
[WhiteElo "2149"]
[BlackElo "2467"]
[Annotator "TA"]
[PlyCount "70"]
[EventDate "2024.08.01"]
[EventType "swiss"]
[EventCountry "CHN"]
[SourceTitle "playchess.com"]
[Source "ChessBase"]
[SourceQuality "1"]
[TimeControl "5400+30"]

1. d4 Nf6 2. c4 e6 3. Nf3 d5 4. Nc3 dxc4 5. e4 b5 6. e5 Nd5 7. Nxb5 Nb6 8. Be3 {[%emt 0:00:07] White is slightly better.} Nc6 9. Nc3 Bb7 10. Be2 Be7 11. O-O O-O 12. Qb1 Nb4 13. Rd1 Rb8 14. Nd2 N4d5 15. Nxd5 Qxd5 16. Bf3 Qb5 17. Bxb7 Rxb7 18. Qc2 c5 19. dxc5 Bxc5 20. a4 Qb4 21. Bxc5 Qxc5 22. a5 Nd7 23. Nxc4 Nxe5 24. Qe4 Nc6 25. Ne3 (25. Rac1 $11 Rb4 26. Qe3 Qxe3 27. fxe3) 25... Rb4 $1 $15 (25... Rxb2 $2 26. Rdc1 Qg5 27. Qxc6 $18 (27. Rxc6 Rxf2 28. Nf1 Rf4 $18)) (25... Nxa5 $2 26. Rxa5 Qe7 27. Nc4 $18) 26. Qd3 {[%emt 0:00:38] [#] Rac1 would now be deadly.} (26. Rac1 Qxc1 (26... Rxe4 27. Rxc5 Ne5 28. b4 $16) 27. Rxc1 Rxe4 $19) 26... Nxa5 (26... Rxb2 $2 {is the wrong capture.} 27. Rac1 Qxa5 28. Rxc6 $18) 27. Qa3 Nb3 28. Qxa7 Qxa7 29. Rxa7 Nd4 30. Kf1 h5 31. Rc7 e5 32. Nc2 Rxb2 33. Nxd4 {[%emt 0:00:07] The position is equal.} Rd8 34. Rc4 {[%emt 0:01:21] Prevents Rb4} Rb6 35. Ke2 exd4 {[%emt 0:00:57] Weighted Error Value: White=0.06 (flawless) /Black=0.05 (flawless) .  Mistake:       	White=1     	---        Inaccurate:     	White=1     	Black=2      OK:         	White=16    	Black=11     Best:        	White=2     	Black=1      Strong:       	---       	Black=1} 1/2-1/2

[Event "Belt and Road Women 2024"]
[Site "Yuecheng Shaoxing"]
[Date "2024.07.26"]
[Round "3.8"]
[White "Lu, Miaoyi"]
[Black "Bai, Xue"]
[Result "1-0"]
[ECO "C92"]
[WhiteElo "2449"]
[BlackElo "2114"]
[Annotator "RC"]
[PlyCount "61"]
[EventDate "2024.08.01"]
[EventType "swiss"]
[EventCountry "CHN"]
[SourceTitle "playchess.com"]
[Source "ChessBase"]
[SourceQuality "1"]
[TimeControl "5400+30"]

1. e4 e5 2. Nf3 Nc6 3. Bb5 a6 4. Ba4 Nf6 5. O-O Be7 6. Re1 b5 7. Bb3 d6 8. c3 O-O 9. h3 Bb7 10. d4 Re8 11. Nbd2 Bf8 12. a3 g6 13. Ba2 Bg7 14. b4 Qe7 15. Nb3 exd4 16. cxd4 Qd7 17. d5 Ne5 18. Nxe5 Rxe5 19. Bb2 Re7 20. Na5 c6 21. Qf3 Nh5 22. Bxg7 Nxg7 23. dxc6 Bxc6 24. Nxc6 Qxc6 25. Bd5 Qe8 26. Bxa8 Qxa8 27. Qd3 Re6 28. Qd5 Qa7 29. Rac1 Ne8 30. Rc8 Kg7 31. Rec1 1-0

[Event "Belt and Road Women 2024"]
[Site "Yuecheng Shaoxing"]
[Date "2024.07.26"]
[Round "3.9"]
[White "Stefanova, Antoaneta"]
[Black "Guo, Qi"]
[Result "1/2-1/2"]
[ECO "D37"]
[WhiteElo "2417"]
[BlackElo "2362"]
[Annotator "RC"]
[PlyCount "60"]
[EventDate "2024.08.01"]
[EventType "swiss"]
[EventCountry "CHN"]
[SourceTitle "playchess.com"]
[Source "ChessBase"]
[SourceQuality "1"]
[TimeControl "5400+30"]

1. d4 d5 2. c4 e6 3. Nf3 Nf6 4. e3 Be7 5. Nc3 O-O 6. a3 b6 7. cxd5 exd5 8. Bd3 c5 9. O-O Bb7 10. b3 Nbd7 11. Bb2 a6 12. Rc1 Bd6 13. dxc5 bxc5 14. Bf5 Nb6 15. Rc2 Qe7 16. Ne2 Ne4 17. Ng3 Nxg3 18. hxg3 a5 19. Qa1 f6 20. a4 Bc8 21. Bxc8 Rfxc8 22. Rd1 Qe6 23. Rcd2 Bf8 24. Bc3 d4 25. exd4 Qxb3 26. Rb1 Qe6 27. dxc5 Bxc5 28. Bd4 Nc4 29. Qa2 Bb4 30. Rc2 Qf7 1/2-1/2

[Event "Belt and Road Women 2024"]
[Site "Yuecheng Shaoxing"]
[Date "2024.07.26"]
[Round "3.10"]
[White "Gu, Xiaobing"]
[Black "Beydullayeva, Govhar"]
[Result "0-1"]
[ECO "B99"]
[WhiteElo "2135"]
[BlackElo "2417"]
[Annotator "RC"]
[PlyCount "70"]
[EventDate "2024.08.01"]
[EventType "swiss"]
[EventCountry "CHN"]
[SourceTitle "playchess.com"]
[Source "ChessBase"]
[SourceQuality "1"]
[TimeControl "5400+30"]

1. e4 c5 2. Nf3 d6 3. d4 cxd4 4. Nxd4 Nf6 5. Nc3 a6 6. Bg5 e6 7. f4 Be7 8. Qf3 Qc7 9. O-O-O Nbd7 10. g4 b5 11. Bxf6 Nxf6 12. g5 Nd7 13. f5 O-O 14. Rg1 b4 15. Nce2 e5 16. Nb3 f6 17. g6 h6 18. Ng3 Bb7 19. Nd2 Nb6 20. Qb3+ d5 21. Bg2 a5 22. exd5 a4 23. Qd3 Rfd8 24. Qe2 b3 25. axb3 a3 26. Kb1 axb2 27. c4 Qc5 28. Nge4 Qd4 29. Nf3 Ra1+ 30. Kc2 b1=Q+ 31. Rxb1 Ra2+ 32. Kc1 Ba3+ 33. Rb2 Ra1+ 34. Kc2 Qxb2+ 35. Kd3 Qxb3+ 0-1

[Event "Belt and Road Women 2024"]
[Site "Yuecheng Shaoxing"]
[Date "2024.07.26"]
[Round "3.11"]
[White "Yang, Yijing"]
[Black "Pham, Le Thao Nguyen"]
[Result "1/2-1/2"]
[ECO "D10"]
[WhiteElo "2022"]
[BlackElo "2395"]
[Annotator "RC"]
[PlyCount "82"]
[EventDate "2024.08.01"]
[EventType "swiss"]
[EventCountry "CHN"]
[SourceTitle "playchess.com"]
[Source "ChessBase"]
[SourceQuality "1"]
[TimeControl "5400+30"]

1. c4 c6 2. d4 d5 3. cxd5 cxd5 4. Bf4 Nc6 5. e3 Nf6 6. Nc3 a6 7. Be2 e6 8. Nf3 Bd6 9. Ne5 O-O 10. O-O Bxe5 11. Bxe5 b5 12. Rc1 Bb7 13. Bxf6 Qxf6 14. Bd3 Rfd8 15. f4 g6 16. g4 Rac8 17. Qd2 Qe7 18. Qg2 Na5 19. b3 Qb4 20. Nb1 Nc6 21. Qf2 Qe7 22. Nd2 Nb4 23. Bb1 Rxc1 24. Rxc1 Rc8 25. Qe1 e5 26. dxe5 Rxc1 27. Qxc1 d4 28. Ne4 d3 29. Nf6+ Kg7 30. Qc3 Qd8 31. Qxb4 d2 32. Ne8+ Kg8 33. Nf6+ Kh8 34. Bc2 d1=Q+ 35. Bxd1 Qxd1+ 36. Kf2 Qf3+ 37. Ke1 Qxe3+ 38. Kd1 Kg7 39. Ne8+ Kg8 40. Nf6+ Kg7 41. Ne8+ Kg8 1/2-1/2

[Event "Belt and Road Women 2024"]
[Site "Yuecheng Shaoxing"]
[Date "2024.07.26"]
[Round "3.12"]
[White "Soumya, Swaminathan"]
[Black "Kairbekova, Amina"]
[Result "1/2-1/2"]
[ECO "C79"]
[WhiteElo "2258"]
[BlackElo "2244"]
[Annotator "RC"]
[PlyCount "154"]
[EventDate "2024.08.01"]
[EventType "swiss"]
[EventCountry "CHN"]
[SourceTitle "playchess.com"]
[Source "ChessBase"]
[SourceQuality "1"]
[TimeControl "5400+30"]

1. e4 e5 2. Nf3 Nc6 3. Bb5 a6 4. Ba4 Nf6 5. O-O d6 6. c3 Bd7 7. Re1 g6 8. d4 Bg7 9. h3 O-O 10. Bc2 Nh5 11. a4 Kh8 12. Na3 Qe8 13. Nc4 a5 14. g4 Nf6 15. dxe5 dxe5 16. b3 Rd8 17. Qe2 h5 18. Nh2 Qe6 19. Bg5 Ra8 20. Rad1 Nh7 21. Bc1 Ne7 22. Ba3 Rfd8 23. Qe3 Ng8 24. Qg3 Bxa4 25. Rxd8 Rxd8 26. Nxa5 Rd2 27. Bd1 Be8 28. Bc1 h4 29. Qxh4 Rd3 30. Nf3 f6 31. Nc4 g5 32. Qg3 Ne7 33. Bd2 b5 34. Ne3 Qd7 35. Nf1 Ng6 36. Be2 Rd6 37. c4 bxc4 38. Bxc4 Bf7 39. Ne3 Bxc4 40. Nxc4 Rd3 41. Kh2 Rxb3 42. Be3 Nhf8 43. Qg1 Ne6 44. Rd1 Qa4 45. Qf1 Rc3 46. Rc1 Rxc1 47. Qxc1 Bf8 48. Ncd2 Qd7 49. Qc3 Ngf4 50. Ng1 c5 51. Nf1 Qb5 52. Nd2 Kg7 53. Qc4 Qa5 54. Nf1 Qb4 55. Nd2 Kf7 56. Qa2 Kg7 57. Kg3 Qb7 58. h4 gxh4+ 59. Kxh4 Kh8 60. Kg3 Qh7 61. f3 Qh1 62. Nc4 Bh6 63. Qh2 Qxh2+ 64. Kxh2 Kg7 65. Kg3 Kg6 66. Bd2 Nd4 67. Bxf4 Bxf4+ 68. Kf2 Bg5 69. Ne2 Bh4+ 70. Ke3 Nc2+ 71. Kd2 Ne1 72. Ke3 Ng2+ 73. Kd3 Bf2 74. Nc3 Bd4 75. Nd5 Kg5 76. Ke2 Kg6 77. Nd6 Kg5 1/2-1/2

[Event "Belt and Road Women 2024"]
[Site "Yuecheng Shaoxing"]
[Date "2024.07.26"]
[Round "3.13"]
[White "Li, Xueyi"]
[Black "Chen, Yining"]
[Result "1/2-1/2"]
[ECO "E01"]
[WhiteElo "2209"]
[BlackElo "2300"]
[Annotator "RC"]
[PlyCount "95"]
[EventDate "2024.08.01"]
[EventType "swiss"]
[EventCountry "CHN"]
[SourceTitle "playchess.com"]
[Source "ChessBase"]
[SourceQuality "1"]
[TimeControl "5400+30"]

1. d4 Nf6 2. c4 e6 3. Nf3 d5 4. Nc3 c6 5. g3 dxc4 6. Bg2 Nbd7 7. O-O b5 8. a4 Qb6 9. Ne5 Bb7 10. Nxd7 Nxd7 11. Be3 b4 12. a5 Qa6 13. Ne4 Rc8 14. Qa4 Qb5 15. Qxb5 cxb5 16. Nf6+ Nxf6 17. Bxb7 Rc7 18. Ba6 Bd6 19. Bxb5+ Ke7 20. Rfc1 c3 21. bxc3 bxc3 22. Bg5 Rb8 23. Bd3 h6 24. Bxf6+ gxf6 25. Rab1 Rxb1 26. Rxb1 Ba3 27. Rb3 Bb2 28. Bc2 e5 29. d5 f5 30. Bxf5 c2 31. Bxc2 Rxc2 32. Rb7+ Kf6 33. e3 Rd2 34. Rxa7 Rxd5 35. Rb7 Bc3 36. a6 Ra5 37. Rb6+ Kf5 38. Rxh6 f6 39. Rh5+ Kg6 40. Rh4 Rxa6 41. Rc4 Ra1+ 42. Kg2 Ba5 43. Rc6 Bb4 44. h4 Be7 45. Rc7 Bf8 46. g4 Ra6 47. Rc8 Bg7 48. Rc7 1/2-1/2

[Event "Belt and Road Women 2024"]
[Site "Yuecheng Shaoxing"]
[Date "2024.07.26"]
[Round "3.14"]
[White "Zhang, Lanlin"]
[Black "Wang, Yu A."]
[Result "1/2-1/2"]
[ECO "C71"]
[WhiteElo "2161"]
[BlackElo "2234"]
[Annotator "RC"]
[PlyCount "60"]
[EventDate "2024.08.01"]
[EventType "swiss"]
[EventCountry "CHN"]
[SourceTitle "playchess.com"]
[Source "ChessBase"]
[SourceQuality "1"]
[TimeControl "5400+30"]

1. e4 e5 2. Nf3 Nc6 3. Bb5 a6 4. Ba4 d6 5. d4 b5 6. Bb3 Nxd4 7. Nxd4 exd4 8. a4 bxa4 9. Bxa4+ Bd7 10. Qxd4 Nf6 11. Nc3 Be7 12. O-O O-O 13. h3 Qc8 14. Re1 Re8 15. b3 Bxa4 16. Rxa4 Nd7 17. Nd5 Bf8 18. Bb2 c6 19. Nc3 Nc5 20. Raa1 Re6 21. f4 Qe8 22. Re2 f5 23. Rae1 Nxe4 24. Nxe4 Rxe4 25. Rxe4 fxe4 26. Rxe4 Qd7 27. Re1 Re8 28. Ra1 Qf5 29. Qd2 Qb5 30. Re1 Rxe1+ 1/2-1/2

[Event "Belt and Road Women 2024"]
[Site "Yuecheng Shaoxing"]
[Date "2024.07.26"]
[Round "3.15"]
[White "Ha, Yihan"]
[Black "Wang, Chuqiao"]
[Result "1-0"]
[ECO "A11"]
[WhiteElo "2166"]
[BlackElo "2278"]
[Annotator "RC"]
[PlyCount "123"]
[EventDate "2024.08.01"]
[EventType "swiss"]
[EventCountry "CHN"]
[SourceTitle "playchess.com"]
[Source "ChessBase"]
[SourceQuality "1"]
[TimeControl "5400+30"]

1. Nf3 d5 2. g3 c6 3. Bg2 Bg4 4. c4 e6 5. O-O Nf6 6. Qb3 Qb6 7. d4 Nbd7 8. h3 Bf5 9. c5 Qa6 10. Nc3 b6 11. cxb6 axb6 12. Nh4 Bg6 13. Nxg6 hxg6 14. e4 dxe4 15. Nxe4 Nd5 16. Bd2 Be7 17. Rfc1 Rc8 18. a4 O-O 19. a5 bxa5 20. Rxa5 Qb6 21. Qxb6 N7xb6 22. Ra6 Ra8 23. Rxa8 Rxa8 24. Rxc6 Ra2 25. Nc3 Rxb2 26. Bc1 Rb3 27. Nxd5 Nxd5 28. Bxd5 exd5 29. Rc8+ Kh7 30. Be3 Rb7 31. Kg2 g5 32. Rc6 f6 33. Ra6 Kg6 34. Ra5 Rd7 35. Kf3 Kf5 36. Rb5 Ke6 37. Rb6+ Bd6 38. Ra6 Rb7 39. h4 Ke7 40. hxg5 f5 41. g4 fxg4+ 42. Kxg4 Bh2 43. Kf5 Rb2 44. Ra7+ Kf8 45. Ke6 g6 46. Kxd5 Bg1 47. Ra6 Ke7 48. Rf6 Rc2 49. Ke4 Ra2 50. Kf3 Bh2 51. Rxg6 Bd6 52. Ke4 Bb4 53. f4 Re2 54. Kd3 Re1 55. f5 Rd1+ 56. Kc4 Ba3 57. Rg7+ Kf8 58. f6 Re1 59. Bf4 Rf1 60. Be5 Rg1 61. g6 Rg2 62. Ra7 1-0

[Event "Belt and Road Women 2024"]
[Site "Yuecheng Shaoxing"]
[Date "2024.07.26"]
[Round "3.16"]
[White "Zhang, Xiao"]
[Black "Hu, Jiani"]
[Result "1/2-1/2"]
[ECO "D34"]
[WhiteElo "2193"]
[BlackElo "2148"]
[Annotator "RC"]
[PlyCount "204"]
[EventDate "2024.08.01"]
[EventType "swiss"]
[EventCountry "CHN"]
[SourceTitle "playchess.com"]
[Source "ChessBase"]
[SourceQuality "1"]
[TimeControl "5400+30"]

1. d4 d5 2. c4 e6 3. Nc3 c5 4. cxd5 exd5 5. Nf3 Nc6 6. g3 Nf6 7. Bg2 Be7 8. O-O O-O 9. Bg5 c4 10. b3 cxb3 11. Qxb3 Na5 12. Qb5 Bd7 13. Qd3 Be6 14. Rab1 a6 15. Ne5 Rc8 16. a4 g6 17. g4 Re8 18. h3 Qd6 19. Rfc1 Red8 20. f4 Ne4 21. Bxe7 Qxe7 22. Nxe4 dxe4 23. Qxe4 Rxc1+ 24. Rxc1 Bd5 25. Qd3 Nb3 26. Bxd5 Nxc1 27. Bxf7+ Kg7 28. Qc4 Nxe2+ 29. Qxe2 Rxd4 30. Qb2 Qb4 31. Qxb4 Rxb4 32. a5 Rb5 33. Kf2 Rxa5 34. Be6 Kf6 35. Bg8 Kg7 36. Bc4 g5 37. Ke3 b5 38. Bd3 gxf4+ 39. Kxf4 b4 40. Ke4 Ra1 41. Kd4 a5 42. Kc4 Rh1 43. Kb5 b3 44. Nc4 Rxh3 45. Bf5 h5 46. Kxa5 Rf3 47. Be6 Kf6 48. Bc8 hxg4 49. Bxg4 Rf2 50. Kb4 b2 51. Nxb2 Rf4+ 52. Nc4 Rxg4 53. Kc5 Ke6 54. Nd2 Rf4 55. Nc4 Rf3 56. Kd4 Rh3 57. Kc5 Rh5+ 58. Kc6 Rd5 59. Ne3 Rd8 60. Kc5 Rd3 61. Nc4 Rd5+ 62. Kc6 Rh5 63. Ne3 Ke5 64. Nc4+ Kd4 65. Nb6 Rh6+ 66. Kb5 Rd6 67. Na4 Rd8 68. Nb6 Rh8 69. Kc6 Rh6+ 70. Kb5 Rg6 71. Nd7 Rg7 72. Nb6 Rg5+ 73. Kc6 Ra5 74. Nd7 Ra6+ 75. Nb6 Ke5 76. Kc5 Ra5+ 77. Kb4 Ra1 78. Kc5 Rc1+ 79. Nc4+ Ke4 80. Kb5 Kd4 81. Nb6 Rc7 82. Na4 Rc4 83. Nb6 Rc1 84. Nd7 Rc7 85. Nb6 Rc5+ 86. Kb4 Rh5 87. Nd7 Rg5 88. Nb6 Re5 89. Nd7 Re6 90. Kb5 Re7 91. Nb6 Re6 92. Nd7 Rd6 93. Nb6 Rh6 94. Nd7 Rh7 95. Nb6 Rc7 96. Na4 Rc4 97. Nb6 Rc5+ 98. Kb4 Rc1 99. Kb5 Rc2 100. Na4 Rc1 101. Nb6 Rc5+ 102. Kb4 Rc7 1/2-1/2

[Event "Belt and Road Women 2024"]
[Site "Yuecheng Shaoxing"]
[Date "2024.07.27"]
[Round "4.1"]
[White "Kurmangaliyeva, Liya"]
[Black "Tan, Zhongyi"]
[Result "0-1"]
[ECO "B51"]
[WhiteElo "2282"]
[BlackElo "2540"]
[Annotator "TA"]
[PlyCount "100"]
[EventDate "2024.08.01"]
[EventType "swiss"]
[EventCountry "CHN"]
[SourceTitle "playchess.com"]
[Source "ChessBase"]
[SourceQuality "1"]
[TimeControl "5400+30"]

1. e4 c5 2. Nf3 d6 3. Bb5+ Nd7 4. d4 cxd4 5. Nxd4 Ngf6 6. O-O g6 7. Re1 Bg7 8. Bf1 {[%emt 0:11:56] The position is equal.} Nc5 9. b4 Ne6 10. Bb2 O-O 11. c4 Qb6 {[%emt 0:04:46] ...Nh5 would now be deadly.} 12. Qd2 Ng4 13. Nb5 a6 14. Bxg7 Kxg7 15. Qb2+ f6 16. N5c3 a5 17. b5 Qd4 18. h3 Ne5 19. Rd1 Qc5 (19... Nxc4 $2 20. Qb3 Qe5 21. Bxc4 $18 (21. Qxc4 Nf4 $18)) 20. Nd5 Rf7 21. Nbc3 a4 22. Rac1 g5 23. Ne2 Kh8 24. Qd2 Ng6 25. Ng3 Nh4 ({Better is} 25... Bd7 26. Rc3 Kg7 27. Nf5+ Kh8) 26. Be2 $1 $16 Ng7 {[%emt 0:01:30] [#]} (26... a3 $16 27. Nf5 Nxf5) 27. e5 $1 $18 Bf5 28. exf6 exf6 29. Qc3 Raf8 30. Bh5 Nxh5 (30... Ng6 $142 31. Bg4 Bxg4) 31. Nxh5 Ng6 32. Nhxf6 {[%emt 0:02:33] A dynamic duo of knights.} (32. g4 $142) 32... Ne5 33. Qg3 (33. Rd4 $1 $18) 33... b6 (33... Bg6 $14) 34. Kh1 $16 (34. Qxg5 Nf3+ 35. gxf3 Rg7 $19) 34... Rxf6 35. Nxf6 Rxf6 36. Qxg5 (36. Rd5 Qc7 $16) 36... Nd7 37. Re1 (37. f3 $16 {Threatens to win with Rd5.} h6 38. Qd2) 37... Be6 $14 38. Qh4 Kg7 39. Rcd1 Ne5 $1 40. Rd4 (40. Kg1 $11) 40... Ng6 $1 $17 {[%emt 0:00:52][%mdl 1024] Black has strong compensation. Active counter play!} (40... Bxc4 $2 41. Rxe5 Qxe5 42. Rxc4 $18) 41. Qe4 Rf4 42. Qb7+ Rf7 43. Qe4 Rxf2 44. Red1 {[%emt 0:00:25] [#]} Qe5 $36 {[%emt 0:00:50][%mdl 2048] Black is on the roll.} (44... Rf4 45. Qb7+ (45. Qxe6 $2 Rxd4 46. Qd7+ Kh6 $19) 45... Rf7 46. Qe4 $11) 45. Qb7+ (45. a3 $17 {is a better defense.}) 45... Kh6 $19 {[%emt 0:00:35][%cal Oe6h3] Hoping for ...Bxh3!} 46. Re4 $2 {[%emt 0:01:10] [#]} (46. Rxd6 $2 {is the wrong capture.} Bxh3 (46... Rxa2 47. Qf3 $17) (46... Bxc4 47. Rd7 $11) 47. Qa8 Bxg2+ 48. Qxg2 Rxg2 $19) (46. Qe4 {was the crucial defense.}) 46... Qh5 $1 47. Kg1 Rxa2 48. Rxd6 {[%emt 0:00:31] [#]} Bxh3 49. Rxg6+ (49. Qe7 Rxg2+) 49... hxg6 50. Qxb6 Rxg2+ {[%emt 0:00:10] Never resign too early!   Weighted Error Value: White=0.44/Black=0.19 (very precise) .  Mistake:       	White=6     	Black=4      Inaccurate:     	White=4     	Black=5      OK:         	White=17    	Black=16     Best:        	White=3     	Black=5      Strong:       	---       	Black=3      Brilliant:      	White=1     	---} 0-1